 Dungeon Crawl Stone Soup version 0.29.1-12-g30fa7ad0bf (webtiles) character file.

Game seed: 4260325892506059837

61 H0rd4k the Charlatan (level 4, 0/30 HPs)
             Began as an Octopode Artificer on Dec 19, 2022.
             Succumbed to an adder's poison
             ... on level 2 of the Dungeon.
             The game lasted 00:01:13 (2346 turns).

H0rd4k the Charlatan (Octopode Artificer)           Turns: 2346, Time: 00:01:14

Health: 0/30       AC:  1    Str: 17    XL:     4   Next: 7%
Magic:  7/7        EV: 13    Int: 15    God:
Gold:   38         SH:  0    Dex: 12    Spells: 7/7 levels left

rFire   x . .      SeeInvis .     - Unarmed
rCold   + . .      Faith    .   (no shield)
rNeg    . . .      Spirit   .   (helmet restricted)
rPois   .          Reflect  .   (no amulet)
rElec   .          Harm     .   g - +6 ring of strength
rCorr   .          Rampage  .   h - ring of ice
Will    .....                   i - ring of flight
Stlth   +++.......              (no ring)
HPRegen 0.10/turn               (no ring)
MPRegen 0.10/turn               (no ring)
                                (no ring)
                                (no ring)

@: lethally poisoned (0 -> -1), flying
A: almost no armour, amphibious, 8 rings, camouflage 1, gelatinous body 1,
(nimble swimmer 1), tentacles
a: no special abilities


You were on level 2 of the Dungeon.
You visited 1 branch of the dungeon, and saw 2 of its levels.

You collected 38 gold pieces.

Inventory:

Missiles
 k - 2 atropa-tipped darts
Jewellery
 g - a +6 ring of strength (left tentacle)
 h - a ring of ice (right tentacle)
 i - a ring of flight (on tentacle)
Wands
 b - a wand of flame (15) (quivered)
 c - a wand of charming (13)
 d - a wand of iceblast (4)
Scrolls
 a - a scroll of summoning {unknown}
 e - a scroll of fear {unknown}
 j - 3 scrolls of teleportation {unknown}
Potions
 f - 2 potions of invisibility {unknown}


   Skills:
 * Level 2.3 Fighting
 - Level 2.3 Dodging
 - Level 1.3 Stealth
 + Level 1.3 Unarmed Combat
 * Level 2.0 Spellcasting
 - Level 3.2 Evocations


You had 7 spell levels left.
You didn't know any spells.
Your spell library was empty.

Dungeon Overview and Level Annotations

Branches:
Dungeon (2/15)

Altars:

Annotations:
D:1 2 transporters


Innate Abilities, Weirdness & Mutations

You cannot wear most types of armour.
You are amphibious.
You can wear up to eight rings at the same time.
Your skin changes colour to match your surroundings (Stealth+).
Your rubbery body absorbs attacks. (AC +1, EV +1)
((You are camouflaged when in or above water. (Stealth+)))
You have tentacles for arms and can constrict up to eight enemies at once.


Message History

The adder is lightly wounded.
You constrict the adder.
You feel sick. The adder bites you.
You are more poisoned.
The adder poisons you! The adder bites you.
You are more poisoned.
The adder poisons you!
Aiming: Charm
Press: ? - help, Shift-Dir - straight line, f - adder
Aim: an adder (moderately wounded, constricted by you, chance to affect: 66%)
The adder is charmed.
You release your grip on your adder.
You feel very sick.
The bat hits your adder but does no damage.
A giant cockroach comes into view.
What are your orders? t - Shout!
Orders for allies: a - Attack new target. p - Attack previous target. r - Retreat! s - Stop attacking. g - Guard the area. f - Follow me.
Anything else - Cancel.
Guard this area!
You feel very sick.
The bat hits your adder but does no damage.
The bat hits your adder.
Your adder misses the bat. The bat misses your adder.
The goblin attacks as you move away! The goblin misses you.
You feel sick. The bat barely misses your adder.
Your adder closely misses the bat.
You feel sick.
Your adder bites the bat.
You see here a rat corpse.
You feel sick.
You feel sick. The goblin attacks as you move away!
The goblin hits you with a +0 dagger.
* * * LOW HITPOINT WARNING * * *
x2 You feel sick.
* * * LOW HITPOINT WARNING * * *
You feel sick. The goblin attacks as you move away!
The goblin barely misses you.
* * * LOW HITPOINT WARNING * * *
You feel sick. The goblin attacks as you move away!
The goblin hits you with a +0 dagger.
* * * LOW HITPOINT WARNING * * *
You die...

.#.#.######....# #.
#.# ####.# .## #.# #†#
... #.#########.######
#.#...............
#.#.#######^######
#.#.# #.# #.. #.#)#
####'## #.# #@#.#
#.....###.#
#.#.####.....#....
#g#...##.....#.#.#
##b#.#.##.....#.#..
#.B....##.....#.###
#...##..####'##.#..
#<...##g##..# #.#..#.#
#...##.S.##.# #.#.##.#
+..##.....#..##.#.##.#


You could see a giant cockroach, a goblin and a bat.

Vanquished Creatures
  An adder (D:2)
  A gnoll (D:1)
  A worm (D:2)
  3 dart slugs
  An endoplasm (D:2)
  6 goblins
  5 hobgoblins (D:1)
  2 quokkas
  4 ball pythons (D:2)
  5 bats (D:1)
  A frilled lizard (D:1)
  2 kobolds
  A rat (D:2)
33 creatures vanquished.

Notes
Turn   | Place    | Note
-------+----------+-------------------------------------------
     0 | D:1      | H0rd4k the Octopode Artificer began the quest for the Orb.
     0 | D:1      | Reached XP level 1. HP: 13/13 MP: 1/1
   384 | D:1      | Reached XP level 2. HP: 14/18 MP: 3/3
   390 | D:1      | Reached skill level 1 in Spellcasting
  1245 | D:1      | Reached XP level 3. HP: 24/24 MP: 5/5
  1862 | D:2      | Reached skill level 1 in Unarmed Combat
  2302 | D:2      | Reached XP level 4. HP: 29/29 MP: 6/6
  2346 | D:2      | HP: 1/30 [goblin/+0 dagger (1)]
  2346 | D:2      | Succumbed to an adder's poison

Illustrated notes

Levels and vault maps discovered:
D:1:      spicycebolla_arrival_transporter_tutorial, layout_loops_corners,
          grunt_decor_resistance, dk_noncrumbling_4
D:2:      layout_basic, minmay_heptomino_w4

Skill      XL: |  1  2  3  4 |
---------------+-------------+-----
Spellcasting   | 1 2 |  2.0
Fighting       | 2 |  2.3
Unarmed Combat | 1 |  1.3
Dodging        | |  2.3
Stealth        | |  1.3
Evocations     | |  3.2

Action                   |  1- 3 |  4- 6 || total
-------------------------+-------+-------++-------
Melee: Unarmed           |    77 |    12 ||    89
       Constrict         |    25 |     3 ||    28
       Tentacles         |    15 |     2 ||    17
       Club              |     2 |       ||     2
Evoke: Wand              |     2 |     1 ||     3
 Stab: Sleeping          |    11 |       ||    11
Armor: Skin              |     4 |     1 ||     5
Dodge: Dodged            |    41 |     8 ||    49
